 Dungeon Crawl Stone Soup version 0.31.0-9-g3a7656b989 (webtiles) character file.

Game seed: 3489733818214755393

156 qw the Ducker (level 5, 0/26 HPs)
             Began as a Spriggan Hunter on Feb 2, 2024.
             Incinerated by a bombardier beetle (2 damage)
             ... with a burning spray
             ... on level 3 of the Dungeon.
             The game lasted 00:00:08 (1860 turns).

qw the Ducker (Spriggan Hunter)                     Turns: 1860, Time: 00:00:08

Health: 0/26       AC:  6    Str: 13    XL:     5   Next: 14%
Magic:  6/6        EV: 19    Int: 11    God:
Gold:   151        SH:  0    Dex: 20    Spells: 4/4 levels left

rFire   . . .        a - +0 shortbow
rCold   . . .        (shield currently unavailable)
rNeg    . . .        g - +0 acid dragon scales
rPois   .            (helmet restricted)
rElec   .            (no cloak)
rCorr   +            (gloves unavailable)
SInv    +            (boots unavailable)
Will    .....        (no amulet)
Stlth   +            c - +6 ring of strength
HPRegen 0.24/turn    (no ring)
MPRegen 0.10/turn

%: no passive effects
@: on fire, glowing, very quick
A: very small, no large weapons, unfitting armour, see invisible, speed 3
a: no special abilities


You were on level 3 of the Dungeon.
You visited 1 branch of the dungeon, and saw 3 of its levels.

You collected 151 gold pieces.


Innate Abilities, Weirdness & Mutations

You are very small and have problems with some larger weapons.
You are too small for most types of armour.
You have supernaturally acute eyesight. (SInv)
You cover ground extremely quickly. (Speed+++)


   Skills:
 - Level 2.0 Fighting
 + Level 5.0 Ranged Weapons
 - Level 5.5 Dodging
 - Level 1.5 Stealth


You had 4 spell levels left.
You didn't know any spells.
Your spell library was empty.

Inventory:

Hand Weapons
 a - a +0 shortbow (weapon)
Armour
 g - +0 acid dragon scales (worn)
Jewellery
 c - a +6 ring of strength (left hand)
Scrolls
 b - a scroll of identify
Potions
 e - a potion of haste {unknown}
 h - 3 potions of heal wounds
 j - a potion of enlightenment

Dungeon Overview and Level Annotations

Branches:
Dungeon (3/15)

Altars:

Shops:
D:1 :


Message History

You shoot an arrow. The arrow hits the bombardier beetle.
The bombardier beetle is severely wounded.
You shoot an arrow. The arrow hits the hobgoblin!
You kill the hobgoblin!
The bombardier beetle sprays incendiary fluid at you.
The burning spray hits you.
You are covered in liquid fire!
You shoot an arrow.
The arrow barely misses the bombardier beetle.
The liquid fire burns you!
You shoot an arrow. The arrow hits the bombardier beetle.
The bombardier beetle is almost dead.
The liquid fire burns you!
You shoot an arrow.
The arrow barely misses the bombardier beetle.
The liquid fire burns you!
You shoot an arrow. The arrow hits the bombardier beetle.
The bombardier beetle is almost dead.
The liquid fire burns you!
1854 ||| DRINKING 4 potions of heal wounds.
You feel much better. The liquid fire burns you!
You shoot an arrow.
The arrow hits the bombardier beetle but does no damage.
The bombardier beetle is almost dead.
The liquid fire burns you!
You shoot an arrow. The arrow hits the bombardier beetle.
You kill the bombardier beetle!
The liquid fire burns you!
Your Dodging skill increases to level 5!
You have reached level 5!
You feel clever.
You are on fire!
The liquid fire burns you!
You are on fire!
The liquid fire burns you!
You are on fire!
The liquid fire burns you!
You are on fire!
The liquid fire burns you!
You die...

### ###### #.#
#######.##.# #..
...........# #.#
#######.##.# #.#
#...##.# #.#
#.#(##[#
##.#######.#.##.##
...%............@#
##.###.....#.#..%.#
#.# #.....#.#....#
##.######..#.#.....
...........#..%...##
.#)######..#......#
...................
.#####.............
#####


There were no monsters in sight!

Vanquished Creatures
  A bombardier beetle (D:3)
  Terence (D:2)
  5 adders
  A dart slug (D:1)
  12 endoplasms
  A giant cockroach (D:1)
  4 hobgoblins
  2 jackals (D:2)
  A quokka (D:2)
  3 ball pythons
  4 bats
  5 frilled lizards
  4 goblins
  2 kobolds
  4 rats
50 creatures vanquished.

Notes
Turn   | Place    | Note
-------+----------+-------------------------------------------
     0 | D:1      | qw the Spriggan Hunter began the quest for the Orb.
     0 | D:1      | Reached XP level 1. HP: 10/10 MP: 2/2
     0 | D:1      | 0 ||| qw: Version: 0.3-a-155-g5e7d8dd
     0 | D:1      | 0 ||| qw: Game counter: 1118
     0 | D:1      | 0 ||| qw: Melee chars always use a shield: true
     0 | D:1      | 0 ||| qw: God list: Okawaru
     0 | D:1      | 0 ||| qw: Allow faded altars: false
     0 | D:1      | 0 ||| qw: Do Orc after clearing Dungeon:15 true
     0 | D:1      | 0 ||| qw: Do second Lair branch before Depths: true
     0 | D:1      | 0 ||| qw: Lair rune preference: random
     0 | D:1      | 0 ||| qw: Goals: Normal
     0 | D:1      | 0 ||| PLANNING D:1-11
    17 | D:1      | Found Hifoin's Book Shop.
    70 | D:1      | Reached skill level 3 in Dodging
   179 | D:1      | Reached XP level 2. HP: 14/14 MP: 3/3
   350 | D:1      | Found a faded altar of an unknown god.
   709 | D:1      | 709 ||| UPGRADING to +0 acid dragon scales.
   719 | D:1      | 719 ||| DROPPING +0 robe.
   720 | D:1      | 720 ||| READING scroll labelled AXTOUL MUAGI.
   723 | D:1      | 723 ||| READING scroll labelled WUPSIA SUCUHA.
   724 | D:1      | 724 ||| READING scroll labelled FIORPH WARUI.
   724 | D:1      | 724 ||| IDENTIFYING 2 clear potions
   725 | D:1      | 725 ||| DROPPING scroll of butterflies.
   967 | D:2      | Noticed Terence
   975 | D:2      | 975 ||| RETREEEEATING.
   976 | D:2      | 976 ||| RETREEEEATING.
   977 | D:2      | 977 ||| RETREEEEATING.
   978 | D:2      | 978 ||| RETREEEEATING.
   988 | D:2      | Killed Terence
   989 | D:2      | Reached XP level 3. HP: 14/18 MP: 4/4
  1030 | D:2      | Reached XP level 4. HP: 22/22 MP: 5/5
  1588 | D:2      | 1588 ||| DROPPING ring of flight.
  1589 | D:2      | 1589 ||| UPGRADING to +6 ring of strength.
  1590 | D:2      | 1590 ||| READING scroll labelled CAS TOJUIGGY.
  1591 | D:2      | 1591 ||| READING scroll labelled GIODERU NITO.
  1592 | D:2      | 1592 ||| READING scroll labelled BERIGOHAMA.
  1593 | D:2      | 1593 ||| DRINKING 2 fuming dark potions.
  1595 | D:2      | 1595 ||| Stepping ~*~*~tactically~*~*~ (cloud).
  1853 | D:3      | HP: 5/23 [burnt (4)]
  1854 | D:3      | 1854 ||| DRINKING 4 potions of heal wounds.
  1857 | D:3      | Reached XP level 5. HP: 16/26 MP: 6/6
  1858 | D:3      | HP: 6/26 [burnt (5)]
  1859 | D:3      | HP: 1/26 [burnt (5)]
  1860 | D:3      | Incinerated by a bombardier beetle

Levels and vault maps discovered:
D:1:      dpeg_arrival_pond, layout_basic, serial_shops,
          nicolae_shop_tiny_waterfront, dilly_ecumenical_altar_fadedgnrine
D:2:      layout_basic, minmay_stone_trees_small, wad_floor_pattern_2,
          minmay_diced_spiral, uniq_terence
D:3:      layout_basic, grunt_gozag_statues, grunt_ministairs_11

Skill      XL: |  1  2  3  4 |
---------------+-------------+-----
Dodging        | 3 4 5 |  5.5
Ranged Weapons | 5 |  5.0
Fighting       | 2 |  2.0
Stealth        | |  1.5

Action                     |  1- 3 |  4- 6 || total
---------------------------+-------+-------++-------
   Fire: Shortbow          |    68 |    69 ||   137
    Use: Scroll            |     3 |     3 ||     6
         Potion            |       |     2 ||     2
 Armour: Acid dragon scale |     7 |     8 ||    15
  Dodge: Dodged            |    25 |    23 ||    48

Table legend:
 A = Non-vault XP
 B = Vault XP
 C = Vault XP percentage of total XP
 D = Non-vault monster count
 E = Vault monster count
 F = Vault count percentage of total count
                 A         B        C        D         E       F
            +---------+---------+-------+---------+---------+-------
      Total |     142 |      81 |  36.3 |      43 |       7 |  14.0
            +---------+---------+-------+---------+---------+-------
        D:1 |      32 |       0 |   0.0 |      20 |       0 |   0.0
        D:2 |      24 |      54 |  69.2 |      14 |       5 |  26.3
        D:3 |      86 |      27 |  23.9 |       9 |       2 |  18.2
            +---------+---------+-------+---------+---------+-------
